 Dungeon Crawl Stone Soup version 0.21-a0-91-ga5031da (webtiles) character file.

36022 grindst0ne the Fighter (level 13, 0/162 HPs)
             Began as an Ogre Monk on June 30, 2017.
             Was an Elder of the Shining One.
             Slain by a hornet (9 damage)
             ... on level 6 of the Lair of Beasts.
             The game lasted 00:54:43 (25031 turns).

grindst0ne the Fighter (Ogre Monk)                 Turns: 25031, Time: 00:54:44

Health: 0/162      AC:  3    Str: 25    XL:     13   Next: 87%
Magic:  0/24       EV: 17    Int:  7    God:    the Shining One [****..]
Gold:   1343       SH:  0    Dex: 15    Spells: 7/12 levels left

rFire    + . .     SeeInvis .   d - +6 mace "Spiderslayer" {flame, rN+}
rCold    + + .     Gourm    .   (no shield)
rNeg     + + +     Faith    .   b - +0 robe
rPois    .         Spirit   +   (helmet restricted)
rElec    .         Reflect  .   i - scarf {rC+ rF+}
rCorr    +         Harm     .   (gloves unavailable)
MR       +....                  (boots unavailable)
Stlth    +.........             P - amulet "Odes" {Spirit Str+7 Int-2 Stlth+}
HPRegen  0.37/turn              H - ring of resist corrosion
MPRegen  0.19/turn              N - ring of magical power

@: shrouded (expiring), berserk cooldown, very slightly contaminated, hasted,
glowing, very quick
A: unfitting armour, horns 1, cold resistance 1, dopey 1, robust 1, tough skin 1
a: Divine Shield, Cleansing Flame, Renounce Religion


You were on level 6 of the Lair of Beasts.
You worshipped the Shining One.
The Shining One was greatly pleased with you.
You were not hungry.

You visited 3 branches of the dungeon, and saw 18 of its levels.

You collected 1343 gold pieces.

Inventory:

Hand Weapons
 a - a +0 mace
 d - the +6 mace "Spiderslayer" (weapon) {flame, rN+}
   (You found it on level 4 of the Dungeon)

   It has been specially enchanted to burn those struck by it, causing extra
   injury to most foes and up to half again as much damage against particularly
   susceptible opponents.
   It protects you from negative energy.
 g - a +0 giant spiked club
 O - the +4 scythe "Concordance" {slice, +Fly rElec Int+2}
   (You found it on level 4 of the Lair of Beasts)

   It inflicts extra damage upon your enemies.
   It affects your intelligence (+2).
   It insulates you from electricity.
   It lets you fly.
 Q - a +1 dire flail of protection
Missiles
 n - 13 tomahawks of returning
 r - 3 large rocks (quivered)
Armour
 b - a +0 robe (worn)
 i - a scarf of resistance (worn)
Jewellery
 G - an uncursed amulet of guardian spirit
 H - a ring of resist corrosion (left hand)
 N - a ring of magical power (right hand)
 P - the amulet "Odes" (around neck) {Spirit Str+7 Int-2 Stlth+}
   (You found it on level 4 of the Lair of Beasts)

   [amulet of guardian spirit]

   It causes incoming damage to be split between your health and magic.
   It affects your strength (+7).
   It affects your intelligence (-2).
   It makes you more stealthy.
Wands
 y - a wand of lightning (0/15)
 z - a wand of scattershot (0/9)
 A - a wand of confusion (15/48)
Scrolls
 e - 9 scrolls of remove curse
 h - 2 scrolls of amnesia
 j - 2 scrolls of enchant weapon
 k - a scroll of immolation
 l - 4 scrolls of magic mapping
 m - 7 scrolls of enchant armour
 s - 2 scrolls of noise
 t - 2 scrolls of teleportation
 v - 3 scrolls of blinking
 E - 3 scrolls of fog {unknown}
 J - a scroll of acquirement {unknown}
Potions
 q - a potion of berserk rage
 u - 4 potions of mutation
 w - a potion of flight
 B - 4 potions of cancellation
 C - a potion of brilliance
Books
 K - a book of Battle

   Spells                             Type                      Level
   a - Infusion                       Charms                       1
   b - Shroud of Golubria             Charms/Translocation         2
   c - Song of Slaying                Charms                       2
   d - Spectral Weapon                Hexes/Charms                 3
   e - Regeneration                   Charms/Necromancy            3
Miscellaneous
 L - a lightning rod (inert)
Comestibles
 c - 5 bread rations
 f - 5 royal jellies
 D - a meat ration
 F - 38 fruits


   Skills:
 - Level 14.6 Fighting
 * Level 12.9 Maces & Flails
 - Level 6.1 Throwing
 * Level 11.5 Dodging
 - Level 1.4 Stealth
 * Level 4.1 Charms
 - Level 3.4 Evocations


You had 7 spell levels left.
You knew the following spells:

 Your Spells              Type           Power        Failure   Level  Hunger
a - Shroud of Golubria    Chrm/Tloc      #.........   30%         2    ###....
b - Regeneration          Chrm/Necr      #.........   52%         3    ####...


Dungeon Overview and Level Annotations

Branches:
Dungeon (11/15)            Temple (1/1) D:5            Lair (6/6) D:10
 Shoals (0/4) Lair:2       Spider (0/4) Lair:4
  Slime: Lair:5-6       Orc: D:9-12

Altars:
Ashenzari
Cheibriados
Dithmenos
Elyvilon
Fedhas
Gozag
Hepliaklqana
Kikubaaqudgha
Makhleb
Nemelex Xobeh
Okawaru
Qazlal
Ru
Sif Muna
Trog
Uskayaw
Vehumet
Wu Jian
Xom
Yredelemnul
Zin
The Shining One

Shops:
D:4 :   D:10 [

Annotations:
Lair:6 Nessos


Innate Abilities, Weirdness & Mutations

You are too large for most types of armour.
You have tough skin. (AC +1)
You have a pair of small horns on your head.
Your flesh is cold resistant. (rC+)
You are dopey. (Int -2)
You are robust. (+10% HP)


Message History

Aiming: Confuse
Press: ? - help, Shift-Dir - straight line, f - tyrant leech
Aim: a tyrant leech (moderately wounded, haloed, chance to defeat MR: 38%)
The tyrant leech resists with some effort.
This wand has 16 charges left.
Evoke which item? (* to show all) (? for menu, Esc to quit)
Aiming: Confuse
Press: ? - help, Shift-Dir - straight line, f/p - tyrant leech
Aim: a tyrant leech (moderately wounded, haloed, chance to defeat MR: 38%)
The tyrant leech appears confused.
This wand has 15 charges left.
Your shroud begins to fray at the edges.
You hit the tyrant leech. You burn the tyrant leech.
The tyrant leech is moderately wounded.
The tyrant leech misses the hornet.
You thump the tyrant leech! You burn the tyrant leech.
The tyrant leech is heavily wounded.
You hit the tyrant leech. You burn the tyrant leech.
The tyrant leech is severely wounded.
The hornet stings you!
You die...

#####
###...##
#P.....##
#....@..#
##!.yw!##
#PP..#P#
##....##
###†..#
#.#...#
####yP..#
......
....##


You could see a tyrant leech (confused) and a hornet.

Vanquished Creatures
  3 hydras
  The ghost of grindst0ne the Fighter, a novice OgBe of Trog (D:6)
  Pikel (D:4)
  A lindwurm (Lair:6)
  3 black mambas
  4 elephants (Lair:4)
  Joseph (D:9)
  16 spiny frogs
  5 torpor snails (Lair:6)
  7 komodo dragons
  3 tyrant leeches (Lair:6)
  A troll (D:9)
  20 blink frogs
  5 hornets (Lair:6)
  4 dream sheep (Lair:5)
  6 hippogriffs
  19 yaks
  3 wyverns
  A basilisk (Lair:1)
  2 hungry ghosts (D:8)
  Menkaure (D:4)
  10 water moccasins
  8 porcupines
  Duvessa (D:5)
  A phantom (D:5)
  A sky beast (D:5)
  4 orc warriors
  A slave (D:3)
  7 ogres
  4 ice beasts
  27 wolves
  8 centaurs
  10 crocodiles
  3 big kobolds
  21 bullfrogs
  A water moccasin zombie (D:5)
  4 scorpions
  Dowan (D:5)
  13 killer bees
  3 howler monkeys (D:8)
  8 crimson imps
  2 bullfrog zombies (D:9)
  2 centaur zombies
  4 orc priests
  10 hounds
  A jelly (D:9)
  A centaur skeleton (D:7)
  A quasit (D:7)
  2 gnoll shamans
  Jessica (D:3)
  2 iguanas (D:8)
  4 orc wizards
  Natasha (thrice) (D:4)
  5 worker ants
  A hound zombie (D:7)
  A howler monkey skeleton (D:7)
  9 gnolls
  15 adders
  A shadow imp (D:10)
  2 oozes (D:5)
  An adder skeleton (D:7)
  3 worms
  4 dart slugs
  9 leopard geckos
  37 orcs
  A giant cockroach (D:8)
  6 hobgoblins
  25 kobolds
  2 quokkas
  A ball python (D:8)
  10 bats
  5 frilled lizards
  5 goblins
  A quokka zombie (D:9)
  8 rats
  2 plants (D:10)
430 creatures vanquished.

Vanquished Creatures (others)
  9 fungi
  10 plants
19 creatures vanquished.

Grand Total: 449 creatures vanquished

Notes
Turn   | Place    | Note
-------+----------+-------------------------------------------
     0 | D:1      | grindst0ne the Ogre Monk began the quest for the Orb.
     0 | D:1      | Reached XP level 1. HP: 24/24 MP: 1/1
   266 | D:1      | Reached XP level 2. HP: 32/32 MP: 2/2
   715 | D:2      | Found a basalt altar of Yredelemnul.
   768 | D:2      | Reached XP level 3. HP: 19/40 MP: 3/3
  1190 | D:2      | Found a sparkling altar of Nemelex Xobeh.
  1325 | D:2      | Found a deep blue altar of Sif Muna.
  1532 | D:2      | Found a faded altar of an unknown god.
  1927 | D:2      | Gained mutation: You are dopey. (Int -2) [potion of mutation]
  1927 | D:2      | Gained mutation: You have a pair of small horns on your head. [potion of mutation]
  1927 | D:2      | Gained mutation: You are robust. (+10% HP) [potion of mutation]
  1927 | D:2      | Gained mutation: Your flesh is cold resistant. (rC+) [potion of mutation]
  1940 | D:2      | Reached XP level 4. HP: 7/53 MP: 4/4
  2513 | D:3      | Found a white marble altar of Elyvilon.
  2741 | D:3      | Noticed Jessica
  2745 | D:3      | Noticed a centaur
  2757 | D:3      | HP: 2/53 [poisoned by a scorpion]
  2764 | D:3      | HP: 1/53 [poisoned by a scorpion]
  2772 | D:3      | HP: 1/53 [poisoned by a scorpion]
  3107 | D:3      | Killed a centaur
  3107 | D:3      | Reached skill level 5 in Fighting
  3107 | D:3      | Reached XP level 5. HP: 14/62 MP: 5/5
  3396 | D:3      | Killed Jessica
  3877 | D:3      | Reached XP level 6. HP: 26/72 MP: 6/6
  4257 | D:4      | Reached skill level 5 in Maces & Flails
  4539 | D:4      | Got an ivory mace
  4540 | D:4      | Identified the +6 mace "Spiderslayer" {flame, rN+} (You found it on level 4 of the Dungeon)
  4611 | D:4      | Noticed Natasha
  4617 | D:4      | Killed Natasha
  4617 | D:4      | Reached skill level 6 in Fighting
  4635 | D:4      | Noticed Natasha
  4640 | D:4      | Killed Natasha
  4640 | D:4      | Reached XP level 7. HP: 74/82 MP: 7/7
  4719 | D:4      | Found Cuakirre's Book Emporium.
  4770 | D:4      | Noticed Natasha
  4775 | D:4      | Killed Natasha
  4828 | D:4      | Noticed Pikel
  4992 | D:4      | Killed Pikel
  4992 | D:4      | Reached XP level 8. HP: 61/92 MP: 8/8
  5136 | D:4      | Noticed Menkaure
  5147 | D:4      | Killed Menkaure
  5147 | D:4      | Reached skill level 5 in Dodging
  5626 | D:4      | Reached skill level 7 in Fighting
  5733 | D:5      | Entered Level 5 of the Dungeon
  6428 | D:5      | Noticed Dowan
  6853 | D:5      | Noticed Duvessa
  6889 | D:5      | Killed Dowan
  7074 | D:2      | Reached XP level 9. HP: 105/105 MP: 9/9
  7308 | D:5      | Killed Duvessa
  7308 | D:5      | Reached skill level 8 in Fighting
  7833 | D:5      | Found a snail-covered altar of Cheibriados.
  7990 | D:5      | Found a staircase to the Ecumenical Temple.
  8007 | Temple   | Entered the Ecumenical Temple
  8097 | Temple   | Became a worshipper of the Shining One
  8097 | Temple   | Reached * piety under the Shining One
  8097 | Temple   | Reached ** piety under the Shining One
  8141 | D:5      | Found an iron altar of Okawaru.
  8658 | D:6      | Found a glowing silver altar of Zin.
  8658 | D:6      | Found a radiant altar of Vehumet.
  8731 | D:6      | Reached skill level 9 in Fighting
  8795 | D:6      | Noticed grindst0ne's ghost (novice OgBe)
  8968 | D:6      | Killed grindst0ne's ghost
  9399 | D:6      | Reached XP level 10. HP: 30/121 MP: 6/10
  9406 | D:6      | Reached skill level 10 in Fighting
 10882 | D:8      | Reached *** piety under the Shining One
 10973 | D:8      | Reached skill level 11 in Fighting
 11653 | D:8      | Reached skill level 10 in Maces & Flails
 11671 | D:8      | Found a snail-covered altar of Cheibriados.
 11671 | D:8      | Found a snail-covered altar of Cheibriados.
 12325 | D:9      | Found a bloodstained altar of Trog.
 12663 | D:9      | Reached XP level 11. HP: 104/135 MP: 11/11
 12735 | D:9      | Noticed Joseph
 12756 | D:9      | Killed Joseph
 12756 | D:9      | Reached skill level 12 in Fighting
 13368 | D:10     | Entered Level 10 of the Dungeon
 13520 | D:10     | Found Hisch's Armour Emporium.
 13565 | D:10     | Found a staircase to the Lair.
 13824 | D:10     | Reached skill level 1 in Evocations
 13878 | D:10     | Reached **** piety under the Shining One
 14077 | D:11     | Found a radiant altar of Vehumet.
 14122 | Lair:1   | Entered Level 1 of the Lair of Beasts
 16784 | Lair:2   | Found a staircase to the Shoals.
 17060 | Lair:2   | Reached skill level 13 in Fighting
 17130 | Lair:2   | Reached XP level 12. HP: 62/149 MP: 6/14
 17409 | Lair:2   | Noticed an eight-headed hydra
 17871 | Lair:2   | Killed an eight-headed hydra
 17871 | Lair:2   | Reached skill level 10 in Dodging
 18229 | Lair:2   | Reached skill level 1 in Throwing
 20141 | Lair:3   | Reached skill level 14 in Fighting
 20224 | Lair:3   | Reached skill level 5 in Throwing
 20832 | Lair:4   | Got a scorched scythe
 20843 | Lair:4   | Identified the +4 scythe "Concordance" {slice, +Fly rElec Int+2} (You found it on level 4 of the Lair of Beasts)
 21013 | Lair:4   | Reached XP level 13. HP: 122/160 MP: 15/15
 21490 | Lair:4   | Got a twitching graven amulet
 21495 | Lair:4   | Identified the amulet "Odes" {Spirit Str+7 Int-2 Stlth+} (You found it on level 4 of the Lair of Beasts)
 22096 | Lair:4   | Found a hole to the Spider Nest.
 22756 | Lair:5   | Learned a level 2 spell: Shroud of Golubria
 22760 | Lair:5   | Learned a level 3 spell: Regeneration
 23013 | Lair:5   | Reached skill level 1 in Charms
 24517 | Lair:6   | Entered Level 6 of the Lair of Beasts
 24811 | Lair:6   | Noticed Nessos
 24831 | Lair:6   | HP: 5/243 [tyrant leech (9)]
 24841 | Lair:6   | HP: 15/364 [lindwurm/blast of flame (16)]
 24847 | Lair:6   | HP: 16/364 [torpor snail (1)]
 24853 | Lair:6   | HP: 11/243 [tyrant leech (2)]
 24962 | Lair:6   | HP: 7/243 [tyrant leech (22)]
 25021 | Lair:6   | HP: 6/162 [tyrant leech (24)]
 25031 | Lair:6   | Slain by a hornet

Vault maps used:
D:1:      kennysheep_arrival_seaside, minmay_misc_feat_chi
D:2:      lemuel_coloured_pillars_altar, led_sif_pool,
          chequers_ecumenical_altar_island, minmay_misc_feat_hallway,
          nemelex_lonely_heart_becter
D:3:      elyvilon_altar_5, first_bread, uniq_jessica
D:4:      serial_shops, nicolae_shop_behind_doors, nicolae_underground_beach,
          uniq_natasha, uniq_pikel, uniq_menkaure
D:5:      okawaru_gym_becter, minmay_temple_entry_poolview, minmay_door_square,
          cheibrodos_worm_habitat, uniq_duvessa
D:6:      minmay_diamond_boxcup, gammafunk_temple_overflow_wave, sigmund_army
D:8:      overflow_temple_1_default, basic_altar
D:9:      kennysheep_mini_moat, hangedman_abyss_or_decor_stagger, uniq_joseph
D:10:     dpeg_oklobed_lair, serial_shops, shop_coins
D:11:     david_orc_4, basic_altar, hangedman_fish_farm, minmay_librarian
Temple:   eino_temple_lava
Lair:2:   minmay_shoals_entry_centaurs, lemuel_fruit_fields
Lair:3:   serial_bayou_pond_d, grunt_forest_large_clearings, lemuel_fruit_tree,
          serial_bayou_shore_a
Lair:4:   spider_nest_entry_web_field, grunt_megastairs_1, serial_bayou_shore_b
Lair:6:   wormcave, guppyfry_lair_end_dragon, dpeg_slime_entry_enclosed_altar,
          grunt_megastairs_3, uniq_nessos

Skill      XL: |  1  2  3  4  5  6  7  8  9 10 11 12 13 |
---------------+----------------------------------------+-----
Dodging        | 3 4 5 7 8 9 10 11 | 11.5
Maces & Flails | 3 4 5 6 7 9 10 11 12 | 12.9
Fighting       | 5 6 7 9 11 13 14 | 14.6
Evocations     | 3 |  3.4
Throwing       | 5 6 |  6.1
Charms         | 4 |  4.1
Stealth        | |  1.4

Action                   |  1- 3 |  4- 6 |  7- 9 | 10-12 | 13-15 || total
-------------------------+-------+-------+-------+-------+-------++-------
Melee: Mace              |   116 |   143 |   230 |   736 |   249 ||  1474
       Headbutt          |       |    20 |    54 |   134 |    66 ||   274
Throw: Tomahawk          |       |       |     2 |       |       ||     2
       Large rock        |       |       |       |     2 |    10 ||    12
 Cast: Shroud of Golubri |       |       |       |       |     1 ||     1
Invok: Divine Shield     |       |       |     2 |    13 |     3 ||    18
Evoke: Wand              |       |       |       |     9 |    11 ||    20
       Lightning rod     |       |       |       |     4 |     4 ||     8
  Use: Potion            |     6 |     3 |     5 |    11 |    11 ||    36
       Scroll            |     2 |     8 |     1 |     9 |     4 ||    24
 Stab: Invisible         |     2 |       |       |       |       ||     2
       Sleeping          |       |     2 |     2 |       |       ||     4
       Distracted        |       |     1 |       |       |       ||     1
  Eat: Chunk             |     3 |     8 |    12 |    35 |    13 ||    71
       Bread ration      |       |       |     1 |     1 |       ||     2
Armor: Robe              |    32 |    22 |    23 |    56 |     7 ||   140
       Skin              |       |       |     3 |       |     7 ||    10
Dodge: Dodged            |   107 |    75 |   127 |   486 |   143 ||   938
Block: Other             |       |       |     8 |    20 |     7 ||    35
